AoeStats
← 清风与我

Black Forest

510740721Analyzed
2v2 RM · 14h ago on Oct 2, 2026· 79m 26s· 4 players
Game mode
Random Map
Map size
Medium (4 player)
Population
200
Speed
Normal
Resources
Standard
Victory
Conquest
Starting age
Dark Age
Ending age
Imperial Age
RankedLock teamsTeams togetherTeam positionsShared explorationLock speedFull tech treeHidden civsTurbo modeCheats
Victory
Defeat
🇪🇸 Khmer · Spain
823
+16
🇹🇷 Malians · Türkiye
795
+17
🇹🇼 Magyars · Taiwan
833
-17
🇨🇳 Spanish · China
815
-16
Ray Sun
0:27 Loom
14:09 Feudal Age
15:43 Wheelbarrow
19:00 Castle Age
17:48 Double-Bit Axe
19:58 Bow Saw
23:52 Horse Collar
27:24 Fletching
27:47 Heavy Plow
29:04 Bodkin Arrow
31:26 Treadmill Crane
31:56 Masonry
32:53 Hand Cart
33:14 Ballistics
32:50 Murder Holes
34:08 Gold Mining
37:45 Imperial Age
36:02 Caravan
36:15 Husbandry
36:31 Bloodlines
36:43 Scale Barding Armor
37:46 Gold Shaft Mining
37:57 Cavalier
40:17 Chain Barding Armor
39:58 Bracer
41:20 Two-Man Saw
40:51 Crop Rotation
40:09 Paladin
42:22 Chemistry
41:28 Siege Engineers
42:39 Plate Barding Armor
55:49 Conscription
55:56 Conscription
清风与我
1:45 Loom
12:28 Feudal Age
13:30 Double-Bit Axe
14:21 Wheelbarrow
13:29 Horse Collar
16:04 Gold Mining
22:06 Stone Mining
26:05 Castle Age
27:13 Hand Cart
29:37 Fortified Wall
29:38 Masonry
35:11 Imperial Age
34:01 Pikeman
34:42 Squires
35:52 Halberdier
41:45 Husbandry
41:56 Bloodlines
42:12 Cavalier
44:44 Scale Barding Armor
54:00 Stone Shaft Mining
54:03 Bow Saw
55:06 Caravan
57:47 Two-Man Saw
57:58 Paladin
indy
0:29 Loom
11:32 Feudal Age
15:40 Castle Age
14:26 Horse Collar
15:17 Stone Mining
15:36 Double-Bit Axe
17:10 Bow Saw
21:27 Heavy Plow
22:53 Gold Mining
24:39 Wheelbarrow
24:58 Town Watch
25:57 Caravan
31:16 Imperial Age
30:53 Hand Cart
32:06 Ballistics
33:06 Chemistry
32:12 Town Patrol
32:55 Gold Shaft Mining
33:05 Conscription
34:27 Crop Rotation
35:01 Light Cavalry
35:52 Bloodlines
36:13 Forging
36:09 Scale Barding Armor
35:46 Hussar
38:05 Iron Casting
37:50 Tusk Swords
40:23 Cavalier
41:04 Husbandry
44:38 Murder Holes
45:29 Scale Mail Armor
46:30 Blast Furnace
46:25 Chain Barding Armor
50:31 Pikeman
51:30 Chain Mail Armor
57:56 Halberdier
65:59 Elite Skirmisher
67:25 Padded Archer Armor
67:16 Fletching
68:29 Leather Archer Armor
73:51 Siege Engineers
KARA
0:44 Loom
14:27 Feudal Age
15:32 Double-Bit Axe
24:03 Castle Age
22:16 Horse Collar
22:34 Fishing Lines
25:23 Bow Saw
32:52 Imperial Age
31:10 Heavy Plow
32:19 Squires
32:05 Arson
32:36 Forging
32:27 Scale Mail Armor
33:45 Caravan
35:02 Capped Ram
37:20 Conscription
38:46 Elite Skirmisher
39:47 Fletching
40:36 Iron Casting
40:16 Chain Mail Armor
41:00 Elite Gbeto
47:30 Heavy Camel Rider
49:26 Bloodlines
56:29 Husbandry
56:40 Farimba
58:18 Coinage
57:59 Guilds
59:58 Scale Barding Armor
69:10 Light Cavalry
Connection lost

Rejoining the realm…

Still unreachable

The connection could not be restored.

Session expired

The server has moved on; the page needs a fresh start.